 Dungeon Crawl Stone Soup version 0.18-a0-1035-g72c9994 (webtiles) character file.

3683 4thArraOfDagon the Cleaver (level 10, -2/90 HPs)
             Began as a Hill Orc Gladiator on Jan 8, 2016.
             Was an Initiate of Gozag.
             Slain by Snorg (8 damage)
             ... on level 13 of the Dungeon on Jan 9, 2016.
             The game lasted 00:25:49 (4964 turns).

4thArraOfDagon the Cleaver (Hill Orc Gladiator)     Turns: 4964, Time: 00:25:49

Health: -2/90      AC: 16    Str: 19    XL:     10   Next: 13%
Magic:  12/12      EV:  2    Int: 11    God:    Gozag
Gold:   290        SH:  0    Dex: 11    Spells: 0 memorised, 9 levels left

rFire  . . .     SeeInvis +     a - +0 war axe
rCold  . . .     Gourm    .     k - +0 chain mail
rNeg   + + +     Faith    .     (no shield)
rPois  ∞         Spirit   .     z - +2 helmet {SInv}
rElec  .         Dismiss  .     B - +0 cloak
rCorr  .         Reflect  +     (no gloves)
SustAt .         Harm     .     y - +0 pair of boots {Stlth+}
MR     .....                    n - +2 amulet of reflection
Stlth  ..........               (no ring)
                                c - ring of see invisible

@: lethally poisoned (-2 -> -2), petrified, not resistant to hostile
enchantments, extremely unstealthy
A: no striking features
a: Potion Petition, Call Merchant, Bribe Branch, Renounce Religion


You were on level 13 of the Dungeon.
You worshipped Gozag.
Gozag was noncommittal.
You were not hungry.

You visited 1 branch of the dungeon, and saw 13 of its levels.

You collected 1449 gold pieces.
You spent 1111 gold pieces at shops.
You paid 48 gold pieces to Gozag.

Inventory:

Hand Weapons
 a - a +0 war axe (weapon)
 C - a +2 scimitar of flaming
Armour
 k - a +0 chain mail (worn)
 y - a +0 pair of boots of stealth (worn)
 z - a +2 helmet of see invisible (worn)
 B - a +0 cloak (worn)
 F - the +1 plate armour of the Fisher {rElec rC++ Dex+8 Slay-3}
   (You bought it in a shop on level 7 of the Dungeon)

   It affects your dexterity (+8).
   It affects your accuracy and damage with ranged weapons and melee attacks
   (-3).
   It greatly protects you from cold.
   It insulates you from electricity.
Jewellery
 c - a ring of see invisible (left hand)
 n - a +2 amulet of reflection (around neck)
 A - an uncursed ring of fire
Wands
 e - a wand of digging (15/24)
 l - a wand of magic darts (7/48)
 p - a wand of magic darts (22/48)
 D - a wand of polymorph (10/24)
Scrolls
 b - 3 scrolls of fear {unknown}
 m - 2 scrolls of noise {unknown}
 r - 3 scrolls of amnesia {unknown}
 s - 6 scrolls of remove curse
 t - a scroll of recharging {unknown}
 u - a scroll of magic mapping
 x - 2 scrolls of fog
Potions
 g - 2 potions of resistance
 o - 2 potions of curing
 q - 2 potions of might
 v - 2 potions of brilliance
 G - a potion of heal wounds
Books
 d - a Fen Folio

   Spells                             Type                      Level
   a - Corpse Rot                     Necromancy                   2
   b - Stone Arrow                    Conjuration/Earth            3
   c - Leda's Liquefaction            Hexes/Earth                  4
   d - Summon Forest                  Summoning/Translocation      5
   e - Hydra Form                     Transmutation                6
   f - Summon Hydra                   Summoning                    7
 j - an Akashic Record

   Spells                             Type                      Level
   a - Dispersal                      Translocation                6
   b - Malign Gateway                 Summoning/Translocation      7
   c - Disjunction                    Translocation                8
   d - Controlled Blink               Translocation                8
 E - a book of Clouds

   Spells                             Type                      Level
   a - Mephitic Cloud                 Conjuration/Poison/Air       3
   b - Conjure Flame                  Conjuration/Fire             3
   c - Poisonous Cloud                Conjuration/Poison/Air       6
   d - Freezing Cloud                 Conjuration/Ice/Air          6
   e - Ring of Flames                 Charms/Fire                  7
Miscellaneous
 w - a plain deck of defence {drawn: 1}
Comestibles
 f - 4 bread rations
 i - a meat ration


   Skills:
 + Level 8.6 Fighting
 * Level 13.0 Axes
 - Level 1.7 Throwing
 + Level 7.2 Armour
 - Level 2.4 Dodging
 + Level 3.1 Evocations


You had 9 spell levels left.
You didn't know any spells.

Dungeon Overview and Level Annotations

Branches:
Dungeon (13/15)            Temple (0/1) D:6             Orc (0/2) D:12
   Lair: D:8-11      Vaults: D:13-14

Altars:
Cheibriados
Dithmenos
Gozag
Nemelex Xobeh
Okawaru
Qazlal
Ru

Shops:
D:4 ??   D:5 =   D:7 [

Annotations:
D:6 Eustachio
D:13 Snorg


Message History

Snorg claws you.
* * * LOW HITPOINT WARNING * * *
Snorg bites you.
* * * LOW HITPOINT WARNING * * *
Snorg claws you.
* * * LOW HITPOINT WARNING * * *
Snorg claws you but does no damage.
The basilisk bites you but does no damage.
Snorg bites you but does no damage. Snorg completely misses you.
Snorg claws you but does no damage. The basilisk gazes at you. Snorg bites you!
* * * LOW HITPOINT WARNING * * *
Snorg claws you. Snorg claws you!
* * * LOW HITPOINT WARNING * * *
Snorg completely misses you. Snorg claws you.
* * * LOW HITPOINT WARNING * * *
Snorg claws you!
You die...
Your body crumbles into a pile of gold.

. .. . ... .....
######..... #
...../..... .####
..o........#######......
...............T@l......
####'#........########..
.#........# o#..#####.#
.# #.# .# #.# .# #.# #..
...


You could see Snorg (berserk) and a basilisk.

Vanquished Creatures
  An unseen horror (D:10)
  A wyvern (D:12)
  2 wargs (D:9)
  A water moccasin (D:8)
  An orc warrior (D:12)
  An ice beast (D:9)
  An ogre (D:9)
  A sky beast (D:12)
  5 centaurs
  3 giant frogs
  4 scorpions
  4 killer bees (D:9)
  5 wights (D:9)
  3 crimson imps
  2 quasits (D:9)
  A giant frog zombie (D:9)
  2 hounds
  A jelly (D:3)
  4 orc priests
  A giant frog skeleton (D:5)
  12 orc wizards
  2 worker ants
  2 iguanas (D:5)
  2 sheep (D:8)
  A hound skeleton (D:4)
  4 adders
  4 shadow imps
  An adder skeleton (D:9)
  2 worms (D:3)
  4 giant geckos
  56 orcs
  2 giant cockroaches
  A goblin (D:2)
  5 hobgoblins
  5 jackals
  3 quokkas
  A ball python (D:5)
  3 bats
  A giant gecko skeleton (D:9)
  4 giant newts
  A jackal skeleton (D:7)
  A jackal zombie (D:6)
  A quokka skeleton (D:4)
  A quokka zombie (D:6)
  2 rats
165 creatures vanquished.

Vanquished Creatures (others)
  4 toadstools (D:1)
4 creatures vanquished.

Grand Total: 169 creatures vanquished

Notes
Turn   | Place    | Note
--------------------------------------------------------------
     0 | D:1      | 4thArraOfDagon the Hill Orc Gladiator began the quest for the Orb.
     0 | D:1      | Reached XP level 1. HP: 18/18 MP: 1/1
   123 | D:2      | Found a sacrificial altar of Ru.
   214 | D:2      | Reached XP level 2. HP: 19/25 MP: 2/2
   356 | D:3      | Reached skill level 5 in Axes
   356 | D:3      | Reached skill level 1 in Armour
   356 | D:3      | Reached XP level 3. HP: 28/31 MP: 3/3
   402 | D:3      | Found an iron altar of Okawaru.
   447 | D:3      | Reached XP level 4. HP: 17/38 MP: 4/4
   514 | D:3      | Found an opulent altar of Gozag.
   516 | D:3      | Found a snail-covered altar of Cheibriados.
   524 | D:3      | Became a worshipper of Gozag Ym Sagoz the Greedy
   669 | D:4      | Found Aqojea's Magic Scroll Emporium.
   680 | D:4      | Bought a scroll of magic mapping for 49 gold pieces
   680 | D:4      | Bought a scroll of identify for 28 gold pieces
   713 | D:3      | Reached XP level 5. HP: 29/46 MP: 5/5
   743 | D:3      | Reached skill level 6 in Axes
   796 | D:2      | Found a stormy altar of Qazlal.
   797 | D:2      | Noticed a water elemental
   862 | D:2      | Noticed a fire elemental
   863 | D:2      | Noticed an air elemental
   981 | D:4      | Bought a scroll of teleportation for 42 gold pieces
   981 | D:4      | Bought a scroll of remove curse for 42 gold pieces
   981 | D:4      | Bought a scroll of identify for 28 gold pieces
  1128 | D:5      | Entered Level 5 of the Dungeon
  1261 | D:4      | Found Dud Hoa's Magic Scroll Shop.
  1269 | D:4      | Bought a scroll of identify for 24 gold pieces
  1269 | D:4      | Bought a scroll of identify for 24 gold pieces
  1269 | D:4      | Bought a scroll of fog for 24 gold pieces
  1297 | D:5      | Noticed a centaur
  1312 | D:5      | Killed a centaur
  1312 | D:5      | Reached skill level 7 in Axes
  1312 | D:5      | Reached XP level 6. HP: 34/53 MP: 6/6
  1337 | D:5      | Found Romudgho's Jewellery Boutique.
  1389 | D:5      | Reached skill level 5 in Fighting
  1389 | D:5      | Reached XP level 7. HP: 21/61 MP: 7/7
  1492 | D:5      | Reached skill level 8 in Axes
  1687 | D:6      | BLOAX: hey kids
  1694 | D:6      | BLOAX: don't do
  1724 | D:6      | BLOAX: deadlifts one day and stress your back a lot
  1738 | D:6      | Found a sparkling altar of Nemelex Xobeh.
  1749 | D:6      | BLOAX: and then squats and stiff-leg deadlifts the next day
  1759 | D:6      | BLOAX: you'll thank me later
  1851 | D:6      | BLOAX: I've been in knockout for the past two days now.
  1863 | D:6      | Noticed Eustachio
  1931 | D:7      | Found Kuliryor's Antique Armour Shop.
  1940 | D:7      | Bought a pair of runed boots for 103 gold pieces
  1940 | D:7      | Bought a runed helmet for 103 gold pieces
  1955 | D:7      | BLOAX: And it genuinely felt like I became 60 years older on wednesday.
  1956 | D:7      | 4thArraOfDagon: whatsup
  1956 | D:7      | 4thArraOfDagon: fuck my internet
  1956 | D:7      | BLOAX: if we don't count the fact that it was almost impossible for me to fall asleep tuesday
  1956 | D:7      | Upgraded the game from 0.18-a0-1027-g814d7dd to 0.18-a0-1035-g72c9994
  2251 | D:7      | Reached skill level 9 in Axes
  2270 | D:7      | Reached XP level 8. HP: 67/70 MP: 8/8
  2372 | D:6      | Found a staircase to the Ecumenical Temple.
  2485 | D:8      | stupid connection
  2749 | D:9      | Reached skill level 10 in Axes
  2760 | D:8      | Noticed a cyclops
  2769 | D:9      | Reached skill level 5 in Armour
  2770 | D:9      | Found a shadowy altar of Dithmenos.
  3267 | D:9      | Reached skill level 11 in Axes
  3267 | D:9      | Reached XP level 9. HP: 24/79 MP: 9/9
  4008 | D:7      | Bought a smelly plate armour for 644 gold pieces
  4008 | D:7      | Identified the +1 plate armour of the Fisher {rElec rC++ Dex+8 Slay-3} (You bought it in a shop on level 7 of the Dungeon)
  4009 | D:7      | meeeeehhhhhhh
  4356 | D:10     | Entered Level 10 of the Dungeon
  4364 | D:10     | Reached skill level 12 in Axes
  4364 | D:10     | Reached skill level 1 in Evocations
  4427 | D:10     | Noticed an unseen horror
  4456 | D:10     | Killed an unseen horror
  4599 | D:10     | Noticed a hill giant
  4660 | D:11     | Noticed a gargoyle
  4677 | D:12     | Reached XP level 10. HP: 90/90 MP: 11/11
  4907 | D:12     | Reached skill level 13 in Axes
  4925 | D:12     | Noticed a tengu warrior
  4925 | D:12     | Noticed an ettin
  4925 | D:12     | Noticed a deep troll earth mage
  4938 | D:12     | Found a staircase to the Orcish Mines.
  4945 | D:13     | Noticed a cyan ugly thing
  4946 | D:13     | lol
  4947 | D:13     | Noticed a centaur warrior
  4951 | D:13     | Noticed Snorg
  4955 | D:13     | lol
  4964 | D:13     | Slain by Snorg

Vault maps used:
D:1:      ldierk_walled_garden_2, roderic_roman_lattice
D:2:      wad_crossroads, nicolae_overflow_crystal_walls,
          nicolae_qazlal_style_of_elements, uniq_natasha
D:3:      lemuel_doored_altar, lemuel_round_altar, grunt_temple_overflow_open
D:4:      tgw_trog, serial_shops, shop, nicolae_shop_stone, shop,
          shop_fountains, wad_floor_pattern_2
D:5:      serial_shops, shop, first_bread
D:6:      nemelex_deck, minmay_temple_entry_glass, uniq_eustachio
D:7:      grunt_temple_overflow_octagram, serial_shops, nicolae_shop_waterfront,
          grunt_ministairs_3, minmay_misc_feat_doors
D:8:      lemuel_insect_pit
D:9:      lemuel_castle_with_subvaults, basic_altar, uniq_maurice
D:10:     dragon1_lemuel, the_bakery
D:11:     dpeg_lair_monsters, uniq_harold
D:12:     minmay_orc_entry_temple_small, basic_altar, minivault_25_ag,
          hangedman_glass_teeth, uniq_frances
D:13:     serial_shops, nicolae_shop_trees, minmay_misc_feat_nine_boxes,
          uniq_snorg

Action                   |  1- 3 |  4- 6 |  7- 9 | 10-12 || total
-------------------------+-------+-------+-------+-------++-------
Melee: War axe           |    48 |   113 |   471 |    33 ||   665
Throw: Throwing net      |       |    10 |       |       ||    10
Evoke: Wand              |     4 |       |     3 |     1 ||     8
       Deck              |       |       |     1 |       ||     1
  Use: Scroll            |       |     5 |     3 |     2 ||    10
       Potion            |       |     4 |     1 |     1 ||     6
 Stab: Held in net/web   |       |     3 |       |       ||     3
       Invisible         |       |     1 |     5 |       ||     6
       Distracted        |       |     1 |       |       ||     1
  Eat: Fruit             |       |     3 |       |       ||     3
       Beef jerky        |       |     1 |     2 |       ||     3
       Pizza             |       |     1 |       |       ||     1
       Meat ration       |       |       |     1 |     1 ||     2
